 Dungeon Crawl Stone Soup version 0.25-a0-731-g0472a16d6a (webtiles) character file.

Game seed: 2596061404108131504, levelgen mode: deterministic

91 kae the Ruffian (level 4, 0/35 HPs)
             Began as a Draconian Transmuter on Apr 8, 2020.
             Succumbed to a worker ant's poison
             ... on level 2 of the Dungeon.
             The game lasted 00:01:00 (825 turns).

kae the Ruffian (Draconian Transmuter)               Turns: 825, Time: 00:01:00

Health: 0/35       AC:  5    Str: 13    XL:     4   Next: 33%
Magic:  7/8        EV: 12    Int: 13    God:
Gold:   28         SH:  0    Dex: 12    Spells: 7/8 levels left

rFire    . . .     SeeInvis .     - Unarmed
rCold    . . .     Gourm    .   (no shield)
rNeg     . . .     Faith    .   (armour unavailable)
rPois    .         Spirit   .   (helmet restricted)
rElec    .         Reflect  .   (no cloak)
rCorr    .         Harm     .   (no gloves)
MR       .....                  (no boots)
Stlth    +.........             (no amulet)
HPRegen  0.11/turn              (no ring)
MPRegen  0.11/turn              (no ring)

@: lethally poisoned (0 -> -1), berserk cooldown, flying, slowed, very slow
A: unfitting armour, cold-blooded, AC +5
a: no special abilities


You were on level 2 of the Dungeon.
You were not hungry.

You visited 1 branch of the dungeon, and saw 2 of its levels.

You collected 28 gold pieces.

Inventory:

Missiles
 a - 37 arrows
Comestibles
 c - a ration


   Skills:
 - Level 1.1 Fighting
 - Level 1.7 Dodging
 * Level 4.2 Unarmed Combat
 + Level 2.7 Spellcasting
 + Level 2.8 Transmutations


You had 7 spell levels left.
You knew the following spells:

 Your Spells              Type           Power        Failure   Level  Hunger
a - Beastly Appendage     Tmut           #.....       8%          1    #......

Your spell library contained the following spells:

 Spells                   Type           Power        Failure   Level  Hunger
 Sticks to Snakes         Tmut           #.......     11%         2    ###....
 Spider Form              Tmut/Pois      #.........   36%         3    ###....
 Ice Form                 Ice/Tmut       #.......     78%         4    #####..
 Blade Hands              Tmut           #.........   90%         5    ######.


Dungeon Overview and Level Annotations

Branches:
Dungeon (2/15)

Altars:


Innate Abilities, Weirdness & Mutations

Your plain brown scales are hard. (AC +5)
You cannot fit into any form of body armour.
You are cold-blooded and may be slowed by cold attacks.


Message History

You feel stronger.
You start resting.
You feel a strong urge to attack something.
You feel sick.
You start resting.
You feel your anger nearly subside.
You are no longer berserk.
You are exhausted.
You feel yourself slow down.
There is a lethal amount of poison in your body!
There is a lethal amount of poison in your body!
You feel very buoyant.
You fly up into the air.
There is a lethal amount of poison in your body!
There is a lethal amount of poison in your body!
You aren't carrying any scrolls.
* * * LOW HITPOINT WARNING * * *
You feel sick.
* * * LOW HITPOINT WARNING * * *
You feel sick.
You die...

.. .
####.#####
..♣........#
...........#
..♣........#
...........#
#♣........####
#..........@.#
#.........##.#
#.........# .#
#..........#
.#
♣.##########
.# . .# .# .#


There were no monsters in sight!

Vanquished Creatures
  A bullfrog zombie (D:2)
  A worker ant (D:2)
  A leopard gecko (D:1)
  6 goblins
  3 hobgoblins (D:1)
  3 jackals (D:1)
  A ball python (D:1)
  7 bats (D:1)
  2 frilled lizards (D:1)
  4 kobolds (D:1)
  2 rats (D:1)
31 creatures vanquished.

Notes
Turn   | Place    | Note
-------+----------+-------------------------------------------
     0 | D:1      | kae the Draconian Transmuter began the quest for the Orb.
     0 | D:1      | Reached XP level 1. HP: 16/16 MP: 3/3
    94 | D:1      | Reached XP level 2. HP: 23/23 MP: 3/5
   530 | D:1      | Reached XP level 3. HP: 23/28 MP: 4/6
   807 | D:2      | Reached skill level 4 in Unarmed Combat
   812 | D:2      | HP: 2/42 [poisoned by a worker ant]
   814 | D:2      | Reached XP level 4. HP: 3/35 MP: 6/8
   820 | D:2      | HP: 1/35 [poisoned by a worker ant]
   825 | D:2      | Succumbed to a worker ant's poison

Levels and vault maps discovered:
D:1:      lightli_molten_gateway, layout_basic, hangedman_glass_garden,
          bh_walls_and_bars
D:2:      layout_loops_ring, first_ration, serial_forest,
          infiniplex_forest_lined_room_2, infiniplex_forest_end_2,
          infiniplex_forest_lined_3, infiniplex_forest_lined_3,
          infiniplex_forest_join, infiniplex_forest_corner_1,
          infiniplex_forest_clump_long, uniq_terence

Skill      XL: |  1  2  3 |
---------------+----------+-----
Unarmed Combat | 4 |  4.2
Fighting       | |  1.1
Dodging        | |  1.7
Spellcasting   | |  2.7
Transmutations | |  2.8

Action                   |  1- 3 |  4- 6 || total
-------------------------+-------+-------++-------
Melee: Unarmed           |   112 |       ||   112
       Tailslap          |     8 |       ||     8
       Kick              |     5 |       ||     5
       Headbutt          |     2 |       ||     2
       Punch             |     1 |       ||     1
 Cast: Beastly Appendage |    15 |       ||    15
  Use: Scroll            |     5 |       ||     5
       Potion            |     1 |     1 ||     2
Armor: Skin              |    50 |       ||    50
Dodge: Dodged            |   102 |       ||   102

Table legend:
 A = Non-vault XP
 B = Vault XP
 C = Vault XP percentage of total XP
 D = Non-vault monster count
 E = Vault monster count
 F = Vault count percentage of total count
                 A         B        C        D         E       F
            +---------+---------+-------+---------+---------+-------
      Total |     130 |       0 |   0.0 |      31 |       0 |   0.0
            +---------+---------+-------+---------+---------+-------
        D:1 |      48 |       0 |   0.0 |      28 |       0 |   0.0
        D:2 |      82 |       0 |   0.0 |       3 |       0 |   0.0
            +---------+---------+-------+---------+---------+-------
